 Dungeon Crawl Stone Soup version 0.27-a0-1149-g4505690ab0 (webtiles) character file.

Game seed: 1439936127041841921

686 leviel the Cleaver (level 7, 0/57 HPs)
             Began as a Minotaur Fighter on May 13, 2021.
             Slain by a hound (3 damage)
             ... on level 5 of the Dungeon.
             The game lasted 00:04:13 (4986 turns).

leviel the Cleaver (Minotaur Fighter)               Turns: 4986, Time: 00:04:15

Health: 0/57       AC:  7    Str: 22    XL:     7   Next: 35%
Magic:  6/6        EV:  7    Int:  5    God:
Gold:   180        SH:  9    Dex: 10    Spells: 6/6 levels left

rFire    . . .     SeeInvis .   a - +0 war axe
rCold    . . .     Faith    .   c - +0 kite shield
rNeg     . . .     Spirit   .   b - +1 scale mail
rPois    .         Reflect  .   (helmet restricted)
rElec    .         Harm     .   (no cloak)
rCorr    .         Rampage  .   (no gloves)
Will     .....                  (no boots)
Stlth    ..........             (no amulet)
HPRegen  0.19/turn              (no ring)
MPRegen  0.10/turn              (no ring)

@: no status effects
A: horns 2, retaliatory headbutt
a: no special abilities


You were on level 5 of the Dungeon.
You visited 1 branch of the dungeon, and saw 5 of its levels.
You also visited: Sewer.

You collected 180 gold pieces.

Inventory:

Hand Weapons
 a - a +0 war axe (weapon)
Missiles
 l - a curare-tipped dart (quivered)
Armour
 b - a +1 scale mail (worn)
 c - a +0 kite shield (worn)
Jewellery
 i - a +4 ring of protection
Wands
 g - a wand of digging (4)
Scrolls
 j - a scroll of teleportation {unknown}
 k - a scroll of vulnerability {unknown}
 o - a scroll of immolation {unknown}
 p - a scroll of enchant armour
 q - a scroll of summoning {unknown}
Potions
 d - 2 potions of might
 e - 3 potions of curing
 f - 3 potions of lignification
 h - 3 potions of flight
 m - 6 potions of heal wounds {unknown}
 n - a potion of magic {unknown}
 r - a potion of degeneration {unknown}


   Skills:
 - Level 3.6 Fighting
 + Level 10.0 Axes
 - Level 3.6 Armour
 - Level 3.6 Shields


You had 6 spell levels left.
You didn't know any spells.
Your spell library contained the following spells:

 Spells                   Type           Power      Damage    Failure   Level
 Animate Skeleton         Necr           0%         N/A       99%         1
 Apportation              Tloc           0%         N/A       99%         1
 Corona                   Hex            0%         N/A       99%         1
 Summon Small Mammal      Summ           0%         N/A       99%         1


Dungeon Overview and Level Annotations

Branches:
Dungeon (5/15)              Sewer (visited)
 Temple: D:4-7

Altars:
Cheibriados


Innate Abilities, Weirdness & Mutations

You have a pair of horns on your head.
You reflexively headbutt those who attack you in melee.


Message History

You kill the gnoll!
You block the gnoll sergeant's attack.
Your Axes skill increases to level 10!
A hound comes into view.
The hound barks!
The gnoll sergeant hits you with a +0 spear.
* * * LOW HITPOINT WARNING * * *
Things that are here:
a +0 club; a +0 flail; a gnoll corpse The gnoll sergeant blocks your attack.
The gnoll sergeant hits you but does no damage.
You slash the gnoll sergeant!
Your headbutt misses the gnoll sergeant.
The gnoll sergeant is moderately wounded.
The gnoll sergeant hits you with a +0 spear!
* * * LOW HITPOINT WARNING * * *
You hit the gnoll sergeant. You headbutt the gnoll sergeant.
The gnoll sergeant is heavily wounded.
You block the gnoll sergeant's attack. You block the hound's attack.
The gnoll sergeant blocks your attack.
Your headbutt misses the gnoll sergeant.
The gnoll sergeant is heavily wounded.
You miss the hound. You block the hound's attack.
You block the gnoll sergeant's attack. The hound bites you but does no damage.
The gnoll sergeant hits you with a +0 spear.
* * * LOW HITPOINT WARNING * * *
You feel better. The hound bites you.
* * * LOW HITPOINT WARNING * * *
The gnoll sergeant closely misses you.
You feel better. The hound barely misses you. You furiously retaliate!
You headbutt the hound! The hound barely misses you.
The gnoll sergeant hits you with a +0 spear.
* * * LOW HITPOINT WARNING * * *
The gnoll sergeant blocks your attack.
The gnoll sergeant is heavily wounded.
You miss the hound. You block the hound's attack.
The gnoll sergeant hits you with a +0 spear!
* * * LOW HITPOINT WARNING * * *
The hound bites you.
You die...

#..# #...## ###..#
##.... ..
....####.... .#
#..........# ..##
#.....#....# ...##
#....# #..####....#
.# #...# ##...#...#
#..##..<###.....h.#
#..)..##.....##@.#
###......###.##g..#
#..#...## #.##....#
#.###.## #.#.....#
#.# ##. .......##
#. #. ...##..# . <.
..## ##( #. .. ..
..#


You could see a gnoll sergeant and a hound.

Vanquished Creatures
  A phantom (D:4)
  A kobold brigand (Sewer)
  A bullfrog skeleton (D:5)
  2 orc priests (D:4)
  A hound (D:4)
  A jelly (D:4)
  Jessica (D:3)
  Terence (D:2)
  3 orc wizards (D:4)
  10 gnolls
  5 adders
  A river rat (D:3)
  An adder skeleton (D:4)
  2 worms (D:3)
  6 orcs
  8 bats
  6 endoplasms
  8 giant cockroaches
  7 hobgoblins
  10 jackals
  2 quokkas
  7 ball pythons
  3 frilled lizards
  6 goblins
  16 kobolds
  8 rats
118 creatures vanquished.

Vanquished Creatures (others)
  4 plants (Sewer)
4 creatures vanquished.

Grand Total: 122 creatures vanquished

Notes
Turn   | Place    | Note
-------+----------+-------------------------------------------
     0 | D:1      | leviel the Minotaur Fighter began the quest for the Orb.
     0 | D:1      | Reached XP level 1. HP: 19/19 MP: 0/0
    60 | D:1      | Reached skill level 3 in Axes
   229 | D:1      | Reached XP level 2. HP: 19/26 MP: 1/1
   574 | D:1      | Reached skill level 4 in Axes
  1254 | D:2      | Reached XP level 3. HP: 28/31 MP: 2/2
  1283 | D:2      | Noticed Terence
  1290 | D:2      | Killed Terence
  1291 | D:2      | Reached skill level 5 in Axes
  1568 | D:2      | Reached XP level 4. HP: 39/39 MP: 3/3
  2112 | D:3      | Found a glowing drain.
  2129 | Sewer    | Entered a sewer
  2323 | Sewer    | Noticed a kobold brigand
  2331 | Sewer    | Killed a kobold brigand
  2332 | Sewer    | Reached skill level 6 in Axes
  2332 | Sewer    | Reached XP level 5. HP: 25/45 MP: 4/4
  2580 | Sewer    | Reached skill level 7 in Axes
  2776 | D:3      | Noticed Jessica
  2779 | D:3      | Killed Jessica
  2874 | D:3      | Found a faded altar of an unknown god.
  3379 | D:4      | Noticed a phantom
  3397 | D:4      | Killed a phantom
  3398 | D:4      | Reached skill level 8 in Axes
  3398 | D:4      | Reached XP level 6. HP: 40/51 MP: 5/5
  3708 | D:4      | Found a snail-covered altar of Cheibriados.
  3896 | D:4      | Reached skill level 9 in Axes
  3900 | D:4      | Reached XP level 7. HP: 17/57 MP: 6/6
  4941 | D:5      | Entered Level 5 of the Dungeon
  4979 | D:5      | Reached skill level 10 in Axes
  4986 | D:5      | Slain by a hound

Illustrated notes

Levels and vault maps discovered:
D:1:      dpeg_arrival_rooms_c, layout_loops_ring
D:2:      layout_loops_corners, serial_bayou_pond_d, kennysheep_generic_room_16,
          uniq_terence
D:3:      layout_rooms, hellmonk_ecumenical_altar_zigzags, portal_sewer_entry_a,
          uniq_jessica
D:4:      layout_cave_pods, lemuel_tele_altar, minmay_misc_feat_columns
D:5:      layout_layer_cave, old_standard_altar, minmay_temple_entry_nine_rooms,
          ebering_ghost_rock_garden, uniq_menkaure, uniq_edmund, uniq_pikel,
          uniq_duvessa, uniq_grinder, uniq_ijyb

Skill      XL: |  1  2  3  4  5  6  7 |
---------------+----------------------+-----
Axes           | 3 4 5 6 8 9 10 | 10.0
Fighting       | |  3.6
Armour         | |  3.6
Shields        | |  3.6

Action                   |  1- 3 |  4- 6 |  7- 9 || total
-------------------------+-------+-------+-------++-------
Melee: War axe           |    76 |   164 |    41 ||   281
       Headbutt          |    10 |    19 |     7 ||    36
  Use: Scroll            |       |     5 |       ||     5
       Potion            |       |       |     2 ||     2
Armor: Scale mail        |    40 |    81 |    15 ||   136
Dodge: Dodged            |    26 |    45 |    15 ||    86
Block: Kite shield       |    44 |    95 |    27 ||   166

Table legend: (Time is in decaauts)
 A = Elapsed time spent in this place.
 B = Non-inter-level travel time spent in this place.
 C = Inter-level travel time spent in this place.
 D = Time resting spent in this place.
 E = Time spent auto-exploring this place.
 F = Levels seen in this place.
 G = Mean time per level.
                   A        B        C        D        E       F      G
               +--------+--------+--------+--------+--------+-----+--------+
         Total |   5121 |   4995 |    126 |    743 |   3557 |   6 |  853.5 |
       Dungeon |   4502 |   4376 |    126 |    543 |   3282 |   5 |  900.4 |
         Sewer |    618 |    618 |      0 |    200 |    274 |   1 |  618.0 |
               +--------+--------+--------+--------+--------+-----+--------+

Top non-repeatable levels by time:
     D:4: 1692 daAuts
     D:2: 1179 daAuts
     D:1: 981 daAuts
   Sewer: 618 daAuts
     D:3: 600 daAuts
     D:5: 48 daAuts
